 Dungeon Crawl Stone Soup version 0.31-a0-1074-g0b22e4e0f1 (webtiles) character file.

Game seed: 16185840462769981985

16585 gelatine the Spear-Bearer (level 12, -3/91 HPs)
             Began as a Demonspawn Fighter on Nov 29, 2023.
             Killed by divine providence
             ... invoked by a meliai
              (8 damage)
             ... on level 13 of the Dungeon.
             The game lasted 00:32:05 (12086 turns).

gelatine the Spear-Bearer (Demonspawn Fighter)     Turns: 12086, Time: 00:32:07

Health: -3/91      AC: 23    Str: 22    XL:     12   Next: 11%
Magic:  28/28      EV: 13    Int:  9    God:
Gold:   554        SH: 15    Dex: 13    Spells: 16/20 levels left

rFire   + . .        b - +10 trident "Lecvij" {vamp, rF+}
rCold   + . .        c - +0 buckler
rNeg    . . .        C - +5 ring mail of the Unseen Realm {rC+}
rPois   .            w - +1 helmet
rElec   .            y - +0 cloak
rCorr   +            J - +0 pair of gloves
SInv    .            j - +0 pair of boots
Will    .....        h - amulet of reflection
Stlth   ++           o - ring of resist corrosion
HPRegen 0.35/turn    q - ring of magical power
MPRegen 0.42/turn

%: reflection
@: no status effects
A: hooves 1, molten scales 1, icemail 1, magic regeneration, condensation shield
a: no special abilities


You were on level 13 of the Dungeon.
You visited 2 branches of the dungeon, and saw 14 of its levels.

You collected 554 gold pieces.

Inventory:

Hand Weapons
 b - the +10 trident "Lecvij" (weapon) {vamp, rF+}
   (You found it on level 5 of the Dungeon)

   rF+:       It protects you from fire.
 n - a +4 hand axe
 u - a +4 broad axe
 E - the +6 spear of Eruem {flame, Dex+4}
   (You found it on level 11 of the Dungeon)

   Dex+4:     It affects your dexterity (+4).
Armour
 c - a +0 buckler (worn)
 j - a +0 pair of boots (worn)
 w - a +1 helmet (worn)
 x - a +1 scale mail of cold resistance
 y - a +0 cloak (worn)
 C - the +5 ring mail of the Unseen Realm (worn) {rC+}
   (You found it on level 7 of the Dungeon)

   rC+:       It protects you from cold.
 I - a +0 troll leather armour
 J - a +0 pair of gloves (worn)
Jewellery
 h - an amulet of reflection (around neck)
 o - a ring of resist corrosion (left hand)
 q - a ring of magical power (right hand)
 A - a ring of ice
 D - a ring of wizardry
 L - a ring of magical power
Wands
 a - a wand of polymorph (6)
 F - a wand of charming (10)
Scrolls
 f - a scroll of immolation
 i - 4 scrolls of blinking
 k - a scroll of revelation
 m - 3 scrolls of noise
 r - a scroll of enchant armour
 v - 6 scrolls of teleportation
 H - a scroll of poison {unknown}
 K - a scroll of silence {unknown}
Potions
 d - 2 potions of might
 e - 5 potions of curing
 g - a potion of enlightenment
 l - a potion of heal wounds
 p - 3 potions of lignification
 s - a potion of attraction {unknown}
 t - 3 potions of brilliance {unknown}
 z - a potion of mutation {unknown}
 B - a potion of cancellation {unknown}
 G - 2 potions of haste {unknown}


   Skills:
 * Level 7.2 Fighting
 + Level 5.0(7.6) Axes
 * Level 8.9(9.5) Polearms
 + Level 3.5 Throwing
 * Level 7.0 Armour
 * Level 6.0 Dodging
 + Level 3.1 Stealth
 * Level 7.2 Shields
 * Level 4.9 Spellcasting
 * Level 4.2 Poison Magic
 + Level 3.2 Evocations


You had 16 spell levels left.
You knew the following spells:

 Your Spells              Type           Power      Damage    Failure   Level
a - Olgreb's Toxic Radia  Pois           9%         N/A       61%         4

Your spell library contained the following spells:

 Spells                   Type           Power      Damage    Failure   Level
 Sting                    Tmut/Pois      24%        1d4       19%         1
 Poisonous Vapours        Pois/Air       12%        N/A       28%         2
 Kiss of Death            Conj/Necr      8%         2d6       41%         1
 Slow                     Hex            8%         N/A       41%         1
 Call Canine Familiar     Summ           2%         N/A       80%         3
 Confusing Touch          Hex            2%         N/A       80%         3
 Inner Flame              Hex/Fire       2%         N/A       80%         3
 Sigil of Binding         Hex            2%         N/A       80%         3
 Stone Arrow              Conj/Erth      4%         3d7       80%         3
 Vampiric Draining        Necr           2%         2d6       80%         3
 Volatile Blastmotes      Fire/Tloc      4%         2d10      80%         3
 Animate Armour           Summ/Erth      4%         N/A       99%         4
 Dimensional Bullseye     Hex/Tloc       1%         N/A       99%         4
 Dispel Undead            Necr           2%         3d7       99%         4
 Fulminant Prism          Conj/Hex       1%         3d5       99%         4
 Iskenderun's Mystic Bla  Conj/Tloc      2%         2d3       99%         4
 Leda's Liquefaction      Hex/Erth       1%         N/A       99%         4
 Yara's Violent Unravell  Hex/Tmut       1%         3d3       100%        5
 Enfeeble                 Hex            1%         N/A       100%        7
 Lehudib's Crystal Spear  Conj/Erth      1%         10d2      100%        8


Dungeon Overview and Level Annotations

Branches:
Dungeon (13/15)            Temple (1/1) D:5            Lair (0/5) D:11
    Orc (0/2) D:12
 Vaults: D:13-14

Altars:
Ashenzari
Cheibriados
Dithmenos
Fedhas
Gozag
Hepliaklqana
Kikubaaqudgha
Makhleb
Nemelex Xobeh
Okawaru
Qazlal
Ru
Sif Muna
Trog
Uskayaw
Vehumet
Wu Jian
Xom
Yredelemnul

Annotations:
D:6 3 runed translucent doors, DApurpleWHUMPUS's ghost, novice DEAE
D:9 exclusion: orange crystal statue
D:11 exclusion: oklob plant


Innate Abilities, Weirdness & Mutations

You have large cloven feet.
You are partially covered in molten scales. (AC +2)
A meltable icy envelope protects you from harm. (AC +4)
You regenerate magic rapidly.
A meltable shield of frost defends you. (SH +4)


Message History

The meliai stings you but does no damage.
The meliai invokes the aid of its god against you.
Something smites you!
* * * LOW HITPOINT WARNING * * *
The meliai closely misses you. You block the meliai's attack.
You feel much better. You block the meliai's attack.
The meliai stings you but does no damage.
The meliai calls down the wrath of its god upon you.
Something smites you! You block the meliai's attack.
The meliai stings you but does no damage.
You puncture the meliai!
The meliai is heavily wounded.
The meliai hits you but does no damage.
The meliai stings you but does no damage.
The meliai calls upon its god to heal the meliai.
The meliai is healed somewhat.
The meliai mumbles some strange prayers to its god against you.
Something smites you! You block the meliai's attack.
The meliai closely misses you.
You closely miss the meliai.
The meliai is moderately wounded.
The meliai calls down the wrath of its god upon you.
Something smites you!
* * * LOW HITPOINT WARNING * * *
You block the meliai's attack. x2
Unknown command.
You closely miss the meliai.
The meliai is moderately wounded.
The meliai invokes the aid of its god against you.
Something smites you!
* * * LOW HITPOINT WARNING * * *
The meliai hits you with a +0 hand axe.
* * * LOW HITPOINT WARNING * * *
You block the meliai's attack.
Blink to where?
Press: ? - help, Q - select action, (/) - cycle Dir - move target
As you read the scroll of blinking, it crumbles to dust.
The meliai invokes the aid of its god against you.
Something smites you!
You die...

......## ##........### .....##
##......## ...### ####..## #####
#### ....## ###..## ##..#
###########
#..#######.......yy###########
####..##........@..y...ยง........#
.....#........#..########.###.###
..............#### ### ###
###...........##### #####
#............#...## ###...#
##............#....## ###...###
................#...###....##
.............>..##<.......##
.#..............###.......#


You could see 3 meliai.

Vanquished Creatures
  A hydra (D:13)
  3 two-headed ogres
  A boulder beetle (D:13)
  Pikel (D:5)
  2 deep elf pyromancers
  2 ugly things (D:13)
  2 cyclopes
  An unseen horror (D:11)
  A kobold demonologist (D:11)
  A queen bee (shapeshifter) (D:12)
  2 trolls
  Prince Ribbit (D:5)
  5 slime creatures
  2 wraiths
  2 wyverns (D:9)
  13 yaks
  3 shadows
  Grum (D:10)
  2 steam dragons (D:7)
  3 vampire mosquitoes (D:11)
  A warg (D:12)
  2 acid dragons
  3 water moccasins
  Duvessa (D:5)
  2 black bears (D:5)
  A sky beast (D:7)
  A wolf (D:10)
  6 centaurs
  2 lemures (D:4)
  A phantom (D:5)
  A kobold brigand (D:9)
  3 bullfrogs
  3 scorpions (D:4)
  2 gnoll sergeants
  10 wights
  Dowan (D:5)
  16 killer bees
  2 howler monkeys
  2 orc priests (D:12)
  3 gnoll boudas
  5 hounds
  A jelly (D:5)
  3 iguanas
  Natasha (thrice) (D:2)
  Terence (D:2)
  10 orc wizards
  9 adders
  18 gnolls
  A worm (D:2)
  26 orcs
  A bat zombie (D:7)
  4 endoplasms
  7 giant cockroaches
  11 goblins
  9 hobgoblins
  4 jackals
  15 kobolds
  7 ball pythons
  4 bats
  A frilled lizard (D:3)
  8 rats
  A rat zombie (D:7)
261 creatures vanquished.

Vanquished Creatures (collateral kills)
  A wolf (D:10)
1 creature vanquished.

Vanquished Creatures (others)
  3 meliai (D:13)
3 creatures vanquished.

Grand Total: 265 creatures vanquished

Notes
Turn   | Place    | Note
-------+----------+-------------------------------------------
     0 | D:1      | gelatine the Demonspawn Fighter began the quest for the
                  | Orb.
     0 | D:1      | Reached XP level 1. HP: 18/18 MP: 1/1
   150 | D:1      | Gained mutation: You are partially covered in molten
                  | scales. (AC +2) [demonic ancestry]
   150 | D:1      | Reached XP level 2. HP: 24/24 MP: 2/2
   851 | D:2      | Gained mutation: You regenerate magic rapidly. [demonic
                  | ancestry]
   851 | D:2      | Reached XP level 3. HP: 19/29 MP: 3/3
   943 | D:2      | Noticed Terence
  1108 | D:2      | Reached skill level 1 in Dodging
  1285 | D:2      | Killed Terence
  1286 | D:2      | Gained mutation: A meltable shield of frost defends you.
                  | (SH +4) [demonic ancestry]
  1286 | D:2      | Reached XP level 4. HP: 35/35 MP: 4/4
  1469 | D:2      | Noticed Natasha
  1473 | D:2      | Killed Natasha
  1573 | D:2      | Noticed Natasha
  1584 | D:2      | Killed Natasha
  1585 | D:2      | Gained mutation: You have large cloven feet. [demonic
                  | ancestry]
  1585 | D:2      | Reached XP level 5. HP: 35/41 MP: 5/5
  1690 | D:2      | Noticed Natasha
  1698 | D:2      | Killed Natasha
  2122 | D:3      | Found a shimmering blue altar of Sif Muna.
  2843 | D:4      | Reached XP level 6. HP: 46/48 MP: 6/6
  3546 | D:4      | Reached skill level 1 in Throwing
  3750 | D:5      | Entered Level 5 of the Dungeon
  3750 | D:5      | Found a staircase to the Ecumenical Temple.
  3879 | D:4      | Reached XP level 7. HP: 37/54 MP: 7/7
  3944 | Temple   | Entered the Ecumenical Temple
  4012 | D:5      | Noticed Dowan
  4013 | D:5      | Noticed Duvessa
  4040 | D:5      | Killed Duvessa
  4202 | D:5      | Killed Dowan
  4470 | D:5      | Reached XP level 8. HP: 54/60 MP: 8/8
  4524 | D:5      | Identified the +10 trident "Lecvij" {vamp, rF+}
  4534 | D:5      | Noticed Prince Ribbit
  4560 | D:5      | Killed Prince Ribbit
  4561 | D:5      | Reached skill level 5 in Axes
  4652 | D:5      | Noticed Pikel
  4927 | D:5      | Killed Pikel
  4928 | D:5      | Reached skill level 2 in Polearms
  4928 | D:5      | Reached skill level 1 in Stealth
  4928 | D:5      | Reached skill level 1 in Spellcasting
  4928 | D:5      | Reached skill level 1 in Evocations
  5045 | D:5      | Gained mutation: A meltable icy envelope protects you from
                  | harm. (AC +4) [demonic ancestry]
  5045 | D:5      | Reached XP level 9. HP: 59/66 MP: 11/11
  5119 | D:5      | Found a broken altar of Ashenzari.
  5232 | D:6      | Found a runed translucent gate.
  5232 | D:6      | Found a runed translucent gate.
  5232 | D:6      | Found a runed translucent gate.
  5233 | D:6      | Noticed DApurpleWHUMPUS's ghost (novice DEAE)
  5235 | D:6      | Noticed a kobold demonologist
  5485 | D:6      | You fall into a shaft and drop 1 floor!
  5520 | D:7      | Reached skill level 3 in Polearms
  5579 | D:7      | Reached skill level 5 in Armour
  6002 | D:7      | Identified the +5 ring mail of the Unseen Realm {rC+}
  6054 | D:7      | Found an ancient bone altar of Kikubaaqudgha.
  6230 | D:7      | Noticed a two-headed ogre
  6240 | D:7      | Killed a two-headed ogre
  6241 | D:7      | Reached skill level 5 in Fighting
  6241 | D:7      | Reached skill level 4 in Polearms
  6247 | D:7      | Reached skill level 5 in Shields
  6386 | D:7      | Learned a level 4 spell: Olgreb's Toxic Radiance
  6765 | D:8      | Reached XP level 10. HP: 61/74 MP: 14/14
  6768 | D:8      | Reached skill level 1 in Poison Magic
  6772 | D:8      | Reached skill level 5 in Polearms
  7040 | D:8      | Noticed a two-headed ogre
  7051 | D:8      | Killed a two-headed ogre
  7052 | D:8      | Reached skill level 5 in Dodging
  8135 | D:9      | Noticed an orange crystal statue
  8156 | D:9      | Reached skill level 6 in Polearms
  8454 | D:9      | Found a hazy altar of Hepliaklqana.
  8539 | D:10     | Entered Level 10 of the Dungeon
  8761 | D:10     | Noticed a cyclops
  8771 | D:10     | Killed a cyclops
  8897 | D:10     | Reached XP level 11. HP: 20/81 MP: 16/16
  9039 | D:10     | Noticed Grum
  9063 | D:10     | Reached skill level 7 in Polearms
  9078 | D:10     | Killed Grum
  9099 | D:10     | Identified the +1 leather armour of Parts Unknown {MP-9
                  | Int+7 Dex-2}
  9127 | D:10     | Found a radiant altar of Vehumet.
  9313 | D:10     | Noticed a two-headed ogre
  9338 | D:10     | Killed a two-headed ogre
  9387 | D:10     | Found an opulent altar of Gozag.
  9516 | D:11     | Noticed an oklob plant
  9609 | D:11     | Found a staircase to the Lair.
  9943 | D:11     | Identified the +6 spear of Eruem {flame, Dex+4}
 10437 | D:12     | Reached skill level 8 in Polearms
 10572 | D:12     | Noticed a deep elf pyromancer
 10578 | D:12     | Killed a deep elf pyromancer
 10717 | D:12     | Found a staircase to the Orcish Mines.
 10998 | D:13     | Noticed a deep elf pyromancer
 11004 | D:13     | Killed a deep elf pyromancer
 11139 | D:13     | Noticed a boulder beetle
 11338 | D:13     | Killed a boulder beetle
 11504 | D:13     | Noticed a four-headed hydra
 11511 | D:13     | Killed a four-headed hydra
 11730 | D:12     | Reached XP level 12. HP: 80/91 MP: 19/19
 12086 | D:13     | Killed from afar by a meliai

Illustrated notes

Levels and vault maps discovered:
D:1:      erik_arrival_triangle_small, layout_loops_ring
D:2:      layout_basic, kennysheep_generic_room_16, uniq_natasha, uniq_terence
D:3:      layout_loops_corners, mainiacjoe_overflow_boulevard
D:4:      layout_basic, hex_medium
D:5:      layout_rooms, overflow_temple_1_default,
          minmay_temple_entry_statues_fountains, nicolae_grassy_gnolls,
          uniq_pikel, uniq_duvessa, uniq_prince_ribbit1
D:6:      layout_layer_cave, gammafunk_ghost_nasty_kobolds, minmay_statues_item
D:7:      layout_loops_corners, lemuel_zombie_altar_kikubaaqudgha
D:8:      layout_cave_pods, elyvilon_altar_1
D:9:      layout_cross, worldfamousw_hep_ancestral_shrine, minivault_16,
          kennysheep_pointless_box, minmay_misc_feat_chi
D:10:     layout_rooms, marbit_many_paths, mainiacjoe_overflow_chevrons,
          uniq_grum
D:11:     layout_roguey, dpeg_oklobed_lair
D:12:     layout_loops_ring, david_orc_3
D:13:     layout_layer_cave
Temple:   nicolae_temple_superstar

Skill      XL: |  1  2  3  4  5  6  7  8  9 10 11 12 |
---------------+-------------------------------------+-----
Axes           | 2 3 4 5 |  5.0
Shields        | 3 4 5 6 7 |  7.2
Armour         | 3 4 5 6 7 |  7.0
Dodging        | 1 2 3 4 5 6 |  6.0
Throwing       | 1 2 3 |  3.5
Fighting       | 4 5 6 7 |  7.2
Polearms       | 2 4 6 8 |  8.9
Stealth        | 1 3 |  3.1
Spellcasting   | 1 2 3 4 |  4.9
Evocations     | 1 2 3 |  3.2
Poison Magic   | 3 4 |  4.2

Action                     |  1- 3 |  4- 6 |  7- 9 | 10-12 || total
---------------------------+-------+-------+-------+-------++-------
  Melee: War axe           |   112 |   169 |    59 |       ||   340
         Trident           |       |       |   181 |   505 ||   686
  Throw: Boomerang         |       |    23 |   103 |    33 ||   159
         Dart              |       |       |       |     2 ||     2
         Throwing net      |       |       |       |     1 ||     1
  Evoke: Wand              |       |       |       |    33 ||    33
    Use: Scroll            |     7 |       |     2 |     8 ||    17
         Potion            |       |       |       |     3 ||     3
 Armour: Scale mail        |    81 |   127 |   186 |       ||   394
         Ring mail         |       |       |    48 |   351 ||   399
  Dodge: Dodged            |    47 |    65 |   124 |   248 ||   484
  Block: Buckler           |    16 |    91 |   113 |   331 ||   551
         Reflection        |       |       |       |     3 ||     3

Table legend: (Time is in decaauts)
 A = Elapsed time spent in this place.
 B = Non-inter-level travel time spent in this place.
 C = Inter-level travel time spent in this place.
 D = Time resting spent in this place.
 E = Time spent auto-exploring this place.
 F = Levels seen in this place.
 G = Mean time per level.
                   A        B        C        D        E       F      G
               +--------+--------+--------+--------+--------+-----+--------+
         Total |  12240 |  11579 |    661 |      0 |   8849 |  14 |  874.3 |
       Dungeon |  12176 |  11574 |    602 |      0 |   8849 |  13 |  936.6 |
        Temple |     63 |      4 |     59 |      0 |      0 |   1 |   63.0 |
               +--------+--------+--------+--------+--------+-----+--------+

Top non-repeatable levels by time:
     D:4: 1820 daAuts
     D:8: 1358 daAuts
     D:7: 1237 daAuts
     D:2: 1027 daAuts
    D:12: 1022 daAuts
    D:10: 961 daAuts
     D:3: 918 daAuts
    D:13: 869 daAuts
     D:1: 791 daAuts
     D:5: 751 daAuts
    D:11: 666 daAuts
     D:9: 473 daAuts
     D:6: 278 daAuts
  Temple: 63 daAuts
